 Dungeon Crawl Stone Soup version 0.22.1-2-g9c5b331383 (webtiles) character file.

158 Rediskos the Covered (level 5, -1/29 HPs)
             Began as a Gargoyle Fighter on Dec 22, 2018.
             Was an Initiate of Hepliaklqana.
             Slain by an orc (2 damage)
             ... on level 3 of the Dungeon.
             The game lasted 00:06:45 (2153 turns).

Rediskos the Covered (Gargoyle Fighter)             Turns: 2153, Time: 00:06:46

Health: -1/29      AC: 12    Str: 20    XL:     5   Next: 39%
Magic:  5/5        EV:  7    Int:  9    God:    Hepliaklqana [......]
Gold:   125        SH:  9    Dex:  9    Spells: 4/4 levels left

rFire    . . .     SeeInvis .   a - +0 flail
rCold    + . .     Gourm    .   c - +0 shield
rNeg     + . .     Faith    .   b - +0 scale mail
rPois    ∞         Spirit   .   i - +0 helmet
rElec    +         Reflect  .   (no cloak)
rCorr    .         Harm     .   (no gloves)
MR       .....                  (no boots)
Stlth    ..........             (no amulet)
HPRegen  0.09/turn              e - ring of protection from cold
MPRegen  0.09/turn              (no ring)

@: no status effects
A: reduced essence, negative energy resistance 1, electricity resistance,
unbreathing, petrification resistance, rot immunity, AC +4
a: Recall Ancestor, Ancestor Identity, Renounce Religion


You were on level 3 of the Dungeon.
You worshipped Hepliaklqana.
Hepliaklqana was noncommittal.
You were not hungry.

You visited 1 branch of the dungeon, and saw 3 of its levels.

You collected 125 gold pieces.

Inventory:

Hand Weapons
 a - a +0 flail (weapon)
Armour
 b - a +0 scale mail (worn)
 c - a +0 shield (worn)
 i - a +0 helmet (worn)
Jewellery
 e - a ring of protection from cold (left hand)
 n - an uncursed ring of poison resistance {unknown}
 s - an uncursed ring of protection from magic {unknown}
Scrolls
 g - a scroll of amnesia {unknown}
 h - a scroll of teleportation {unknown}
 k - 2 scrolls of magic mapping
 l - a scroll of noise {unknown}
 p - a scroll of fog {unknown}
Potions
 d - a potion of might
 j - a potion of haste
 m - 2 potions of flight
 o - a potion of magic {unknown}
 q - a potion of brilliance {unknown}
Comestibles
 f - 7 rations
 r - 3 chunks of flesh


   Skills:
 + Level 4.1 Fighting
 * Level 3.7 Maces & Flails
 + Level 4.1 Armour
 + Level 4.1 Shields


You had 4 spell levels left.
You didn't know any spells.
Your spell library was empty.

Dungeon Overview and Level Annotations

Branches:
Dungeon (3/15)

Altars:
Hepliaklqana


Innate Abilities, Weirdness & Mutations

You are resistant to torment.
Your stone body is resilient. (AC +4)
You are immune to poison.
You resist negative energy. (rN+)
You are resistant to electric shocks. (rElec)
You can survive without breathing.
You are immune to petrification.
You are immune to rotting.
Your life essence is reduced to manifest your ancestor. (-10% HP)


Message History

You sock the bat!
You kill the bat!
The orc priest invokes the aid of Beogh against you.
Beogh smites you!
You hit the orc.
You kill the orc!
You bludgeon the orc!!
You kill the orc!
The jackal bites you but does no damage.
You miss the jackal. You block the jackal's attack.
The orc priest mumbles some strange prayers to Beogh against you.
Beogh smites you!
* * * LOW HITPOINT WARNING * * *
The jackal barely misses you.
You hit the jackal.
You kill the jackal!
You closely miss the orc. You block the orc's attack.
The orc priest casts a cantrip, but nothing happens.
The orc hits you.
You die...

#..... #..... #...#. .#.....
##..#. ....... #...# .......
##...# .........#
#########.....
.........#######...........#.
%....)...#oo@#.....<.....#.#.
.......>..o###...........#.#)
..........###......<.....#.#.
....$....†# #.#...........<..
......).#(# .................
...###((#o##.................
..h......h...................
....#..#(..#...########.#....
... #.####.....# #.#....


You could see an orc priest and 2 orcs.

Vanquished Creatures
  Jessica (D:2)
  Robin (D:2)
  4 adders
  An ooze (D:1)
  2 worms
  5 orcs (D:3)
  A giant cockroach (D:1)
  15 goblins
  7 hobgoblins
  11 jackals
  A quokka (D:3)
  9 bats
  3 frilled lizards (D:1)
  2 kobolds
  5 rats
68 creatures vanquished.

Vanquished Creatures (others)
  An ancestor (D:3)
1 creature vanquished.

Grand Total: 69 creatures vanquished

Notes
Turn   | Place    | Note
-------+----------+-------------------------------------------
     0 | D:1      | Rediskos the Gargoyle Fighter began the quest for the Orb.
     0 | D:1      | Reached XP level 1. HP: 14/14 MP: 1/1
   417 | D:1      | Reached XP level 2. HP: 19/19 MP: 2/2
   818 | D:2      | Noticed Robin
   899 | D:1      | Reached XP level 3. HP: 12/23 MP: 3/3
  1107 | D:2      | Found a faded altar of an unknown god.
  1326 | D:2      | Noticed Jessica
  1336 | D:2      | Killed Jessica
  1336 | D:2      | Reached XP level 4. HP: 29/29 MP: 4/4
  1590 | D:2      | Reached XP level 5. HP: 27/33 MP: 5/5
  1596 | D:2      | Killed Robin
  2024 | D:3      | Found a hazy altar of Hepliaklqana.
  2078 | D:3      | Became a worshipper of Hepliaklqana the Forgotten
  2151 | D:3      | HP: 1/29 [orc priest/divine providence (14)]
  2153 | D:3      | Slain by an orc

Skill      XL: |  1  2  3  4  5 |
---------------+----------------+-----
Maces & Flails | 3 |  3.7
Armour         | 4 |  4.1
Shields        | 4 |  4.1
Fighting       | 4 |  4.1

Action                   |  1- 3 |  4- 6 || total
-------------------------+-------+-------++-------
Melee: Flail             |   143 |   160 ||   303
Invok: Ancestor Identity |       |     1 ||     1
  Use: Scroll            |     2 |     2 ||     4
  Eat: Chunk             |     2 |     3 ||     5
Armor: Scale mail        |    99 |   101 ||   200
Dodge: Dodged            |    58 |    55 ||   113
Block: Shield            |    94 |    98 ||   192
